 Dungeon Sprint DCSS version 0.23-a0-814-g91b4073 (webtiles) character file.

22820 TheOrbIsALie the Metallomancer (level 13, -3/84 HPs)
             Began as a Gargoyle Earth Elementalist on Jan 21, 2019.
             Was the Champion of Sif Muna.
             Killed from afar by a golden dragon (28 damage)
             ... with a bolt of fire
             ... in the Dungeon (Sprint II: "The Violet Keep of Menkaure").
             The game lasted 00:18:31 (3502 turns).

TheOrbIsALie the Metallomancer (GrEE)               Turns: 3502, Time: 00:18:31

Health: -3/84      AC: 18    Str: 14    XL:     13   Next: 2%
Magic:  1/33       EV: 10    Int: 26    God:    Sif Muna [******]
Gold:   1312       SH:  0    Dex: 10    Spells: 30/44 levels left

rFire    . . .     SeeInvis .   (no weapon)
rCold    . . .     Gourm    .   (no shield)
rNeg     + . .     Faith    +   v - +0 ring mail (curse)
rPois    ∞         Spirit   .   (no helmet)
rElec    +         Reflect  .   w - +0 cloak
rCorr    .         Harm     .   d - +0 pair of gloves
MR       .....     NoTele   +   i - +1 pair of boots {Fly}
Stlth    ++........             b - amulet of Reimpuets {Faith Str+3 Int+2}
HPRegen  0.24/turn              m - ring of stealth
MPRegen  0.23/turn              s - +2 ring of intelligence

@: flying, no casting
A: negative energy resistance 1, electricity resistance, unbreathing,
petrification resistance, rot immunity, AC +9
a: Stop Divine Energy, Channel Magic, Forget Spell, Renounce Religion, Stop
Flying


You were in the Dungeon.
You worshipped Sif Muna.
Sif Muna was exalted by your worship.
You were not hungry.

You visited 1 branch You collected 2319 gold pieces.
You spent 1007 gold pieces at shops.

Inventory:

Missiles
 l - 77 stones (quivered)
Armour
 c - a +0 robe
 d - a +0 pair of gloves (worn)
 i - a +1 pair of boots of flying (worn)
 n - a +0 pair of gloves
 v - a cursed +0 ring mail (worn)
 w - a +0 cloak (worn)
Jewellery
 b - the amulet of Reimpuets (around neck) {Faith Str+3 Int+2}
   (You bought it in a shop in the Dungeon)

   [amulet of faith]

   It allows you to gain divine favour quickly.
   It affects your strength (+3).
   It affects your intelligence (+2).
 m - a ring of stealth (left hand)
 s - a +2 ring of intelligence (right hand)
Scrolls
 a - 8 scrolls of identify {unknown}
 o - 2 scrolls of enchant armour {unknown}
 q - a scroll of remove curse {unknown}
 r - a scroll of magic mapping {unknown}
Potions
 e - 5 potions of curing
 g - a potion of haste
 h - 5 potions of magic
 p - a potion of lignification {unknown}
 t - 3 potions of resistance {unknown}
 u - 6 potions of flight {unknown}
Comestibles
 j - 7 chunks of flesh
 k - a ration


   Skills:
 - Level 11.5 Fighting
 - Level 1.5 Dodging
 - Level 2.1 Stealth
 - Level 16.0 Spellcasting
 + Level 3.7 Conjurations
   Level 0.7 Transmutations
 - Level 25.2 Earth Magic
 - Level 10.9 Invocations


You had 30 spell levels left.
You knew the following spells:

 Your Spells              Type           Power        Failure   Level  Hunger
a - Sandblast             Erth           ######       0%          1    None
b - Stone Arrow           Conj/Erth      ######       1%          3    None
c - Lee's Rapid Deconstr  Erth           ########..   0%          5    None
d - Borgnjor's Vile Clut  Necr/Erth      ######....   1%          5    None

Your spell library contained the following spells:

 Spells                   Type           Power        Failure   Level  Hunger
 Magic Dart               Conj           ####         1%          1    None
 Passwall                 Tmut/Erth      ######..     1%          2    None
 Searing Ray              Conj           #####.       1%          2    None
 Leda's Liquefaction      Hex/Erth       ######....   1%          4    None
 Petrify                  Tmut/Erth      ######..     1%          4    None
 Bolt of Magma            Conj/Fire/Erth ######....   2%          5    None
 Throw Flame              Conj/Fire      ####..       3%          2    None
 Corona                   Hex            ###....      4%          1    None
 Dazzling Spray           Conj/Hex       ####..       7%          3    None
 Corpse Rot               Necr           N/A          8%          2    None
 Slow                     Hex            ###.....     8%          2    None
 Iskenderun's Mystic Bla  Conj           #####...     11%         4    None
 Inner Flame              Hex/Fire       ###.....     16%         3    None
 Portal Projectile        Hex/Tloc       ###...       16%         3    None
 Shatter                  Erth           ########..   16%         9    #######
 Force Lance              Conj/Tloc      ####....     24%         4    None
 Fulminant Prism          Conj/Hex       ####......   24%         4    None
 Throw Icicle             Conj/Ice       ####....     24%         4    None
 Ice Form                 Ice/Tmut       ###.....     41%         4    None
 Cause Fear               Hex            ###.......   45%         4    None
 Lehudib's Crystal Spear  Conj/Erth      #######...   65%         8    #######
 Metabolic Englaciation   Hex/Ice        ###.......   80%         5    None
 Bolt of Cold             Conj/Ice       ####......   98%         6    ####...
 Ozocubu's Refrigeration  Ice            ###.......   100%        6    ####...
 Necromutation            Tmut/Necr      ###.......   100%        8    #######
 Fire Storm               Conj/Fire      ####......   100%        9    #######


Dungeon Overview and Level Annotations

Branches:
Dungeon (1/1)

Altars:
Cheibriados
Dithmenos
Elyvilon
Fedhas
Gozag
Hepliaklqana
Kikubaaqudgha
Makhleb
Nemelex Xobeh
Okawaru
Qazlal
Ru
Sif Muna
Trog
Uskayaw
Vehumet
Wu Jian
Xom
Yredelemnul
Zin
The Shining One
Beogh
Jiyva
Lugonu

Shops:
D (?:=%!*(=[![:=}((*[=}

Annotations:
D exclusion: oklob plant


Innate Abilities, Weirdness & Mutations

You are resistant to torment.
Your stone body is resilient. (AC +9)
You are immune to poison.
You resist negative energy. (rN+)
You are resistant to electric shocks. (rElec)
You can survive without breathing.
You are immune to petrification.
You are immune to rotting.


Message History

You regain access to your magic.
Casting: Lee's Rapid Deconstruction (safe; 0% risk of failure)
Confirm with . or Enter, or press ? or * to list all spells.
Aiming: Lee's Rapid Deconstruction (safe; 0% risk of failure)
Press: ? - help, Dir - move target cursor A translucent rock wall.
The wall shatters!
The blast of rock fragments hits the golden dragon!
The golden dragon is almost dead.
Sif Muna grants you divine energy.
You briefly lose access to your magic!
The golden dragon breathes fire at you. The bolt of fire hits you!
* * * LOW HITPOINT WARNING * * *
You see here a storm dragon skeleton.
The lava snake hisses angrily. x2; You hear an angry hiss.
You feel much better. The golden dragon breathes fire at you.
The bolt of fire hits you!!
You die...

.##≈≈≈≈≈≈≈≈.≈#_._._._.#D§§§####▓▓
##≈≈°§≈≈≈§§≈≈#._._._._#≈§§≈≈##..#
≈≈°°≈≈≈§≈§§≈≈#_._._._.#≈§§§≈≈#..#
'○'#≈≈≈§≈§≈≈≈#._._._..#§§§§≈≈§§.+
.°.##≈≈≈###≈≈#_._._...#§§§≈≈§#..#
○...##≈≈#)#≈≈#._._....#§§§≈≈≈▓..#
.○...'§≈#'#≈≈#..E.....#§≈§≈▓▓▓▓▓▓
....##≈D≈§≈≈≈##########§§§≈▓...≈
○..###########≈≈@§§§≈D§§≈≈≈▓z..≈
####°≈≈≈S○°###≈########§▓▓▓▓▓▓▓▓
###≈○≈°§°○°☼##≈# #▓▓
.+≈≈○°≈≈°○S§S+≈# .##≈≈≈°≈°≈S○####
..##≈≈≈°≈≈≈## ...######### ...
####


You could see an earth elemental and 3 lava snakes.

Vanquished Creatures
  A bone dragon (D)
  A deep elf master archer (D)
  A kraken (D)
  Kirke (D)
  A storm dragon (D)
  A cacodemon (D)
  A draconian shifter (D)
  A crystal guardian (D)
  A yaktaur captain (D)
  A deep elf high priest (D)
  An iron elemental (D)
  A centaur warrior (D)
  Sonja (D)
  A skeletal warrior (D)
  A glowing orange brain (D)
  2 death drakes (D)
  A deep troll (D)
  An orange crystal statue (D)
  An obsidian statue (D)
  A merfolk siren (D)
  A yaktaur (D)
  A hornet (D)
  3 polar bears (D)
  2 hippogriffs (D)
  2 wyverns (D)
  Menkaure (D)
  2 swamp drakes (D)
  4 necrophages (D)
  3 crocodiles (D)
  9 electric eels (D)
  A hell rat (D)
  4 worker ants (D)
  A spectral adder (D)
  A spectral giant cockroach (D)
  6 tentacles (D)
62 creatures vanquished.

Vanquished Creatures (others)
  A hellephant (D)
  A deep troll (D)
  A crocodile (D)
  15 tentacles (D)
18 creatures vanquished.

Grand Total: 80 creatures vanquished

Notes
Turn   | Place    | Note
-------+----------+-------------------------------------------
     0 | D        | TheOrbIsALie the Gargoyle Earth Elementalist began the
                  | quest for the Orb.
     0 | D        | Reached XP level 1. HP: 10/10 MP: 3/3
     1 | D        | Noticed a merfolk siren
     4 | D        | Noticed a worker ant
     4 | D        | Noticed a worker ant
     4 | D        | Noticed a worker ant
     4 | D        | Noticed a worker ant
     8 | D        | Noticed a necrophage
     8 | D        | Noticed a necrophage
     8 | D        | Noticed a necrophage
     8 | D        | Noticed a necrophage
    17 | D        | Killed a necrophage
    17 | D        | Reached skill level 5 in Spellcasting
    17 | D        | Reached skill level 8 in Earth Magic
    17 | D        | Reached XP level 2. HP: 15/15 MP: 0/8
    17 | D        | Reached XP level 3. HP: 19/19 MP: 0/10
    17 | D        | Reached XP level 4. HP: 24/24 MP: 0/11
    23 | D        | Killed a crocodile
    28 | D        | Killed a necrophage
    28 | D        | Reached skill level 9 in Earth Magic
    28 | D        | Reached XP level 5. HP: 28/28 MP: 1/14
    34 | D        | Killed a necrophage
    34 | D        | Reached skill level 11 in Earth Magic
    34 | D        | Reached XP level 6. HP: 15/32 MP: 1/17
    38 | D        | Killed a necrophage
   140 | D        | Reached skill level 12 in Earth Magic
   236 | D        | Killed a merfolk siren
   236 | D        | Reached skill level 10 in Spellcasting
   236 | D        | Reached skill level 13 in Earth Magic
   236 | D        | Reached XP level 7. HP: 36/36 MP: 14/21
   266 | D        | Noticed a hippogriff
   266 | D        | Noticed a hippogriff
   269 | D        | Killed a hippogriff
   269 | D        | Reached skill level 14 in Earth Magic
   269 | D        | Reached XP level 8. HP: 41/41 MP: 18/23
   272 | D        | Killed a hippogriff
   281 | D        | Found Hour's Jewellery Shoppe.
   281 | D        | Found Faizoyc's Gadget Shoppe.
   281 | D        | Found Fuiplutu's Antique Armour Emporium.
   281 | D        | Found Guomexkoi's Jewellery Shoppe.
   281 | D        | Found Hyuwet's Book Emporium.
   281 | D        | Found Zoqeumim's Antique Armour Shoppe.
   281 | D        | Found Bitagem's Distillery.
   281 | D        | Found Kuede's Antique Weapon Emporium.
   312 | D        | Found Dosode Bogyk's General Store.
   312 | D        | Found Oraf's Distillery.
   313 | D        | Found Ditteny's Weapon Emporium.
   313 | D        | Noticed a redback
   314 | D        | Found Uschorua's Food Shoppe.
   314 | D        | Found Ythi Ryc's Jewellery Emporium.
   314 | D        | Noticed Menkaure
   314 | D        | Noticed a redback
   314 | D        | Noticed an oklob plant
   315 | D        | Found Ceiparuf's Magic Scroll Shoppe.
   315 | D        | Found Byutuzat's Weapon Emporium.
   315 | D        | Found Paqav's Book Shoppe.
   324 | D        | Killed Menkaure
   337 | D        | Bought a pair of embroidered boots for 202 gold pieces
   357 | D        | Noticed an obsidian statue
   362 | D        | Learned a level 3 spell: Stone Arrow
   368 | D        | Learned a level 5 spell: Lee's Rapid Deconstruction
   401 | D        | Killed an obsidian statue
   401 | D        | Reached skill level 15 in Earth Magic
   401 | D        | Reached XP level 9. HP: 45/45 MP: 14/26
   409 | D        | Found Tiym's Assorted Antiques.
   460 | D        | Noticed an orange crystal statue
   462 | D        | Killed an orange crystal statue
   594 | D        | Found a glowing golden altar of the Shining One.
   594 | D        | Found an ornate altar of the Wu Jian Council.
   595 | D        | Found a shimmering altar of Xom.
   595 | D        | Found a sacrificial altar of Ru.
   595 | D        | Found a stormy altar of Qazlal.
   596 | D        | Found a basalt altar of Yredelemnul.
   596 | D        | Found a deep blue altar of Sif Muna.
   596 | D        | Found a viscous altar of Jiyva.
   597 | D        | Found a glowing silver altar of Zin.
   597 | D        | Found a bloodstained altar of Trog.
   597 | D        | Found an ancient bone altar of Kikubaaqudgha.
   598 | D        | Found a hide-covered altar of Uskayaw.
   598 | D        | Found a corrupted altar of Lugonu.
   598 | D        | Found a shadowy altar of Dithmenos.
   599 | D        | Found a radiant altar of Vehumet.
   599 | D        | Found a burning altar of Makhleb.
   599 | D        | Found a white marble altar of Elyvilon.
   600 | D        | Found a sparkling altar of Nemelex Xobeh.
   600 | D        | Found a blossoming altar of Fedhas.
   602 | D        | Found an iron altar of Okawaru.
   602 | D        | Found an opulent altar of Gozag.
   602 | D        | Found a hazy altar of Hepliaklqana.
   602 | D        | Found a snail-covered altar of Cheibriados.
   602 | D        | Noticed a hornet
   602 | D        | Noticed a polar bear
   603 | D        | Found a roughly hewn altar of Beogh.
   603 | D        | Noticed a yaktaur
   603 | D        | Noticed a polar bear
   607 | D        | Killed a polar bear
   607 | D        | Killed a hornet
   607 | D        | Reached skill level 16 in Earth Magic
   613 | D        | Killed a yaktaur
   614 | D        | Noticed a polar bear
   616 | D        | Killed a polar bear
   616 | D        | Reached skill level 15 in Spellcasting
   622 | D        | Became a worshipper of Sif Muna the Loreminder
   623 | D        | Killed a polar bear
   796 | D        | Noticed a kraken
   799 | D        | Reached * piety under Sif Muna
   800 | D        | Reached XP level 10. HP: 25/50 MP: 13/29
   980 | D        | Noticed a deep troll
   982 | D        | Noticed a deep troll
   987 | D        | Killed a deep troll
   987 | D        | Reached ** piety under Sif Muna
  1040 | D        | Killed a deep troll
  1040 | D        | Reached skill level 17 in Earth Magic
  1202 | D        | Bought the amulet of Reimpuets {Faith Str+3 Int+2} for 805
                  | gold pieces
  1282 | D        | Reached skill level 1 in Fighting
  1284 | D        | Reached *** piety under Sif Muna
  1742 | D        | Killed a kraken
  1742 | D        | Reached **** piety under Sif Muna
  1742 | D        | Reached skill level 5 in Fighting
  1742 | D        | Reached skill level 18 in Earth Magic
  1948 | D        | Noticed a death drake
  1949 | D        | Reached ***** piety under Sif Muna
  1949 | D        | Received a gift from Sif Muna
  1950 | D        | Noticed a crystal guardian
  1951 | D        | Noticed a death drake
  1951 | D        | Reached skill level 19 in Earth Magic
  1952 | D        | Killed a crystal guardian
  1952 | D        | Reached skill level 5 in Invocations
  1952 | D        | Reached XP level 11. HP: 64/64 MP: 15/31
  1952 | D        | Killed a death drake
  1955 | D        | Killed a death drake
  1955 | D        | Reached skill level 20 in Earth Magic
  2103 | D        | Noticed a fire dragon
  2108 | D        | Killed a deep elf master archer
  2108 | D        | Identified Sif Muna's Reference Book on Stolen Souls and
                  | the Blaze (Sif Muna gifted it to you in the Dungeon)
  2108 | D        | Received a gift from Sif Muna
  2108 | D        | Reached skill level 21 in Earth Magic
  2119 | D        | Learned a level 5 spell: Borgnjor's Vile Clutch
  2230 | D        | Noticed a glowing orange brain
  2230 | D        | Noticed Sonja
  2231 | D        | Noticed a black draconian shifter
  2235 | D        | Noticed a hellephant
  2237 | D        | Killed Sonja
  2238 | D        | Killed a glowing orange brain
  2454 | D        | Killed a hellephant
  2652 | D        | Killed a black draconian shifter
  2652 | D        | Identified Jawibryj's Disquisition on Earth (Sif Muna
                  | gifted it to you in the Dungeon)
  2652 | D        | Received a gift from Sif Muna
  2652 | D        | Reached skill level 22 in Earth Magic
  2841 | D        | Found Uhio's Gadget Boutique.
  2841 | D        | Found Caskot's Jewellery Shoppe.
  2841 | D        | Found Paleaross's Antique Armour Shop.
  2841 | D        | Found Naotaj's Antique Weapon Boutique.
  2841 | D        | Noticed a golden dragon
  3006 | D        | Noticed an iron elemental
  3006 | D        | Noticed a centaur warrior
  3006 | D        | Noticed Kirke
  3006 | D        | Noticed a storm dragon
  3006 | D        | Noticed a skeletal warrior
  3007 | D        | Noticed a cacodemon
  3009 | D        | Noticed a yaktaur captain
  3012 | D        | Killed an iron elemental
  3012 | D        | Reached XP level 12. HP: 50/76 MP: 17/32
  3012 | D        | Killed Kirke
  3012 | D        | Reached skill level 23 in Earth Magic
  3014 | D        | Killed a yaktaur captain
  3036 | D        | Killed a cacodemon
  3036 | D        | Identified Sif Muna's Collected Works on Earthen Snow (Sif
                  | Muna gifted it to you in the Dungeon)
  3036 | D        | Received a gift from Sif Muna
  3036 | D        | Reached skill level 10 in Fighting
  3037 | D        | Noticed a golden dragon
  3249 | D        | Noticed a bone dragon
  3269 | D        | Killed a centaur warrior
  3285 | D        | Killed a bone dragon
  3285 | D        | Reached ****** piety under Sif Muna
  3285 | D        | Reached skill level 24 in Earth Magic
  3285 | D        | Reached skill level 10 in Invocations
  3306 | D        | Killed a storm dragon
  3306 | D        | Received a gift from Sif Muna
  3306 | D        | Reached skill level 25 in Earth Magic
  3358 | D        | Noticed a deep elf high priest
  3368 | D        | Killed a deep elf high priest
  3477 | D        | Reached XP level 13. HP: 71/84 MP: 22/33
  3499 | D        | HP: 4/84 [golden dragon/bolt of fire (17)]
  3502 | D        | Killed from afar by a golden dragon

Vault maps used:
D:        the_violet_keep_of_menkaure

Skill      XL: |  1  2  3  4  5  6  7  8  9 10 11 12 |
---------------+-------------------------------------+-----
Spellcasting   | 5 7 8 10 11 13 15 16 | 16.0
Earth Magic    | 8 9 11 13 14 15 16 19 22 25 | 25.2
Fighting       | 6 9 11 | 11.5
Invocations    | 5 8 10 | 10.9
Conjurations   | 3 |  3.7
Dodging        | |  1.5
Stealth        | |  2.1
Transmutations | |  0.7

Action                   |  1- 3 |  4- 6 |  7- 9 | 10-12 | 13-15 || total
-------------------------+-------+-------+-------+-------+-------++-------
Melee: Unarmed           |     5 |    18 |       |       |       ||    23
 Cast: Sandblast         |     3 |    13 |    14 |       |       ||    30
       Lee's Rapid Decon |       |       |    15 |    67 |     8 ||    90
       Stone Arrow       |       |       |     1 |    20 |       ||    21
       Borgnjor's Vile C |       |       |       |     2 |       ||     2
Invok: Divine Energy     |       |       |       |     1 |       ||     1
       Channel Magic     |       |       |       |     4 |       ||     4
  Use: Potion            |     1 |       |     1 |     1 |     1 ||     4
       Scroll            |       |       |       |     1 |       ||     1
  Eat: Chunk             |       |       |     1 |     4 |       ||     5
       Ration            |       |       |       |     2 |       ||     2
Armor: Robe              |     2 |     1 |     8 |     2 |       ||    13
       Ring mail         |       |       |       |    19 |     2 ||    21
Dodge: Dodged            |     1 |    15 |    17 |    11 |       ||    44

Table legend:
 A = Non-vault XP
 B = Vault XP
 C = Vault XP percentage of total XP
 D = Non-vault monster count
 E = Vault monster count
 F = Vault count percentage of total count
                 A         B        C        D         E       F
            +---------+---------+-------+---------+---------+-------
      Total |       0 |   32600 | 100.0 |       0 |      58 | 100.0
            +---------+---------+-------+---------+---------+-------
          D |       0 |   32600 | 100.0 |       0 |      58 | 100.0
            +---------+---------+-------+---------+---------+-------
